 Dungeon Crawl Stone Soup version 0.27-a0-1501-g9d6fb14e67 (webtiles) character file.

Game seed: 3985971631568773382

173 Bapho the Shield-Bearer (level 5, -2/32 HPs)
             Began as a Gargoyle Fighter on July 8, 2021.
             Slain by a hornet zombie (9 damage)
             ... on level 4 of the Dungeon.
             The game lasted 00:04:49 (3614 turns).

Bapho the Shield-Bearer (Gargoyle Fighter)          Turns: 3614, Time: 00:04:50

Health: -2/32      AC: 12    Str: 21    XL:     5   Next: 53%
Magic:  5/5        EV:  7    Int:  8    God:
Gold:   91         SH: 11    Dex:  9    Spells: 4/4 levels left

rFire    . . .     SeeInvis .   a - +0 flail
rCold    . . .     Faith    .   c - +1 kite shield
rNeg     + . .     Spirit   .   b - +0 scale mail
rPois    ∞         Reflect  .   (no helmet)
rElec    +         Harm     .   j - +0 cloak
rCorr    .         Rampage  .   (no gloves)
Will     .....                  (no boots)
Stlth    ..........             (no amulet)
HPRegen  0.10/turn              (no ring)
MPRegen  0.09/turn              (no ring)

@: no status effects
A: sickness immunity, AC +4, negative energy resistance 1, electricity
resistance, torment resistance 1, petrification resistance
a: no special abilities


You were on level 4 of the Dungeon.
You visited 1 branch of the dungeon, and saw 4 of its levels.

You collected 91 gold pieces.

Inventory:

Hand Weapons
 a - a +0 flail (weapon)
Missiles
 h - 77 stones (quivered)
 m - 3 atropa-tipped darts
Armour
 b - a +0 scale mail (worn)
 c - a +1 kite shield (worn)
 j - a +0 cloak (worn)
Jewellery
 k - a ring of wizardry
Wands
 l - a wand of flame (26)
Scrolls
 e - a scroll of teleportation
Potions
 d - a potion of might
 f - a potion of magic
 g - a potion of invisibility {unknown}
 i - a potion of curing


   Skills:
 - Level 3.2 Fighting
 + Level 3.7 Maces & Flails
 - Level 3.2 Armour
 * Level 5.6 Shields


You had 4 spell levels left.
You didn't know any spells.
Your spell library contained the following spells:

 Spells                   Type           Power      Damage    Failure   Level
 Tukima's Dance           Hex            0%         N/A       100%        3
 Passage of Golubria      Tloc           N/A        N/A       100%        4
 Yara's Violent Unravell  Hex/Tmut       0%         3d3       100%        5


Dungeon Overview and Level Annotations

Branches:
Dungeon (4/15)
 Temple: D:4-7

Altars:

Shops:
D:3 (   D:4 *


Innate Abilities, Weirdness & Mutations

You are immune to sickness and miasma.
Your stone body is resilient. (AC +4)
You are immune to poison.
You resist negative energy. (rN+)
You are resistant to electric shocks. (rElec)
You are resistant to unholy torment.
You are immune to petrification.


Message History

The hornet zombie is heavily damaged.
You block the hornet zombie's attack. The hornet zombie hits you.
You hit the hornet zombie.
The hornet zombie is heavily damaged.
The hornet zombie barely misses you. The hornet zombie hits you.
You are too injured to fight recklessly!
You are too injured to fight recklessly!
You are too injured to fight recklessly!
You closely miss the hornet zombie.
The hornet zombie is heavily damaged.
The hornet zombie hits you.
The hornet zombie hits you but does no damage.
You hit the hornet zombie but do no damage.
The hornet zombie is heavily damaged.
You block the hornet zombie's attack.
The hornet zombie hits you but does no damage.
You hit the hornet zombie but do no damage.
The hornet zombie is heavily damaged.
You block the hornet zombie's attack.
You barely miss the hornet zombie.
The hornet zombie is heavily damaged.
You block the hornet zombie's attack. The hornet zombie hits you.
You sock the hornet zombie!
The hornet zombie is severely damaged.
The hornet zombie hits you!
* * * LOW HITPOINT WARNING * * *
The hornet zombie hits you but does no damage.
You sock the hornet zombie!
The hornet zombie is almost destroyed.
You block the hornet zombie's attack. x2
You closely miss the hornet zombie.
The hornet zombie is almost destroyed.
You block the hornet zombie's attack. The hornet zombie hits you.
* * * LOW HITPOINT WARNING * * *
You feel better. The hornet zombie hits you.
* * * LOW HITPOINT WARNING * * *
You barely miss the hornet zombie.
The hornet zombie is almost destroyed.
You block the hornet zombie's attack. The hornet zombie hits you!
You die...

......#####.#
#####.# #.#
##.#####.######
#.............#####
#..#####..........#
#>.# ######.###.#
#..# #.# #..# #.#
...# #@# ###.# #Z.#
#.# (..# .##.# (.
#. .) #. .## # #.


You could see a hornet zombie.

Vanquished Creatures
  A scorpion (D:3)
  A hound skeleton (D:4)
  An adder (D:2)
  An adder skeleton (D:2)
  A worm (D:2)
  4 dart slugs
  4 orcs
  3 endoplasms
  5 giant cockroaches
  3 goblins
  14 hobgoblins
  2 jackals (D:3)
  A quokka (D:1)
  A ball python (D:3)
  6 bats
  7 frilled lizards
  10 kobolds
  8 rats
73 creatures vanquished.

Notes
Turn   | Place    | Note
-------+----------+-------------------------------------------
     0 | D:1      | Bapho the Gargoyle Fighter began the quest for the Orb.
     0 | D:1      | Reached XP level 1. HP: 14/14 MP: 1/1
   167 | D:1      | Reached XP level 2. HP: 16/19 MP: 2/2
   669 | D:1      | Reached XP level 3. HP: 23/23 MP: 3/3
   694 | D:1      | Reached skill level 4 in Shields
  1465 | D:2      | Reached XP level 4. HP: 28/28 MP: 4/4
  1515 | D:2      | Found a faded altar of an unknown god.
  2252 | D:3      | Noticed a scorpion
  2272 | D:3      | Killed a scorpion
  2273 | D:3      | Reached skill level 5 in Shields
  2273 | D:3      | Reached XP level 5. HP: 11/32 MP: 5/5
  2782 | D:3      | Found Ciucvitu's Antique Weapon Emporium.
  3471 | D:4      | Found Syrun's Assorted Antiques.
  3614 | D:4      | Slain by a hornet zombie

Illustrated notes

Levels and vault maps discovered:
D:1:      erik_arrival_triangle_medium, layout_rooms
D:2:      layout_basic, shapermc_ecumenical_altar_totnotflames
D:3:      layout_basic, serial_shops, shop, minmay_misc_feat_secret_circle,
          grunt_decor_resistance
D:4:      layout_loops_ring, serial_shops, shop, portal_sewer_entry_f,
          gammafunk_ghost_grave

Skill      XL: |  1  2  3  4 |
---------------+-------------+-----
Shields        | 4 5 |  5.6
Maces & Flails | 3 |  3.7
Fighting       | |  3.2
Armour         | |  3.2

Action                   |  1- 3 |  4- 6 || total
-------------------------+-------+-------++-------
Melee: Flail             |   166 |   134 ||   300
Throw: Stone             |    20 |    59 ||    79
  Use: Scroll            |     3 |     2 ||     5
       Potion            |       |     1 ||     1
Armor: Scale mail        |   113 |    66 ||   179
Dodge: Dodged            |    54 |    36 ||    90
Block: Kite shield       |    97 |    74 ||   171

Table legend: (Time is in decaauts)
 A = Elapsed time spent in this place.
 B = Non-inter-level travel time spent in this place.
 C = Inter-level travel time spent in this place.
 D = Time resting spent in this place.
 E = Time spent auto-exploring this place.
 F = Levels seen in this place.
 G = Mean time per level.
                   A        B        C        D        E       F      G
               +--------+--------+--------+--------+--------+-----+--------+
         Total |   3777 |   3667 |    110 |      7 |   2948 |   4 |  944.2 |
       Dungeon |   3777 |   3667 |    110 |      7 |   2948 |   4 |  944.2 |
               +--------+--------+--------+--------+--------+-----+--------+

Top non-repeatable levels by time:
     D:1: 1324 daAuts
     D:3: 1298 daAuts
     D:2: 864 daAuts
     D:4: 289 daAuts
